 Dungeon Crawl Stone Soup version 0.30-a0-576-g89cddaab80 (webtiles) character file.

Game seed: 8146187511746481641

391 bande the Covered (level 6, -3/58 HPs)
             Began as a Gargoyle Fighter on Dec 31, 2022.
             Slain by Grinder (7 damage)
             ... on level 4 of the Dungeon.
             The game lasted 00:04:12 (2846 turns).

bande the Covered (Gargoyle Fighter)                Turns: 2846, Time: 00:04:13

Health: -3/58      AC: 23    Str: 19 (20) XL:     6   Next: 80%
Magic:  6/6        EV:  2    Int:  6 (8)  God:
Gold:   208        SH:  9    Dex:  8 (11) Spells: 5/5 levels left

rFire   + . .      SeeInvis .    a - +0 war axe
rCold   + + .      Faith    .    c - +0 buckler
rNeg    + . .      Spirit   .    (body armour currently unavailable)
rPois   ∞          Reflect  +    (helmet currently unavailable)
rElec   +          Harm     .    (cloak currently unavailable)
rCorr   +          Rampage  .    (gloves currently unavailable)
Will    .....      NoTele   +    (boots currently unavailable)
Stlth   +                        h - amulet of reflection
HPRegen 0.29/turn                o - ring of protection from cold
MPRegen 0.10/turn                (no ring)

@: mighty, tree-form, resistant, attractive
A: stationary, stasis, torment immunity, boosted hp, sickness immunity, AC +4,
negative energy resistance 1, (electricity resistance), torment resistance 1,
petrification resistance
a: no special abilities


You were on level 4 of the Dungeon.
You were a tree.
You visited 1 branch of the dungeon, and saw 3 of its levels.
You also visited: Sewer.

You collected 208 gold pieces.

Inventory:

Hand Weapons
 a - a +0 war axe (weapon)
 j - a +0 flail
Armour
 b - a +0 scale mail (melded)
 c - a +0 buckler (worn)
Jewellery
 h - an amulet of reflection (around neck)
 o - a ring of protection from cold (left branch)
Wands
 t - a wand of iceblast (7)
Scrolls
 f - 2 scrolls of immolation {unknown}
 g - 2 scrolls of fear {unknown}
 i - a scroll of acquirement {unknown}
 k - 2 scrolls of blinking
 l - a scroll of teleportation {unknown}
 r - a scroll of summoning {unknown}
 s - a scroll of identify {unknown}


   Skills:
 + Level 4.5 Fighting
 + Level 4.6 Axes
 + Level 4.8 Armour
 + Level 4.0 Shields


You had 5 spell levels left.
You didn't know any spells.
Your spell library contained the following spells:

 Spells                   Type           Power      Damage    Failure   Level
 Kiss of Death            Conj/Necr      0%         2d5       54%         1
 Confusing Touch          Hex            0%         N/A       88%         3
 Dispel Undead            Necr           0%         3d6       99%         4


Dungeon Overview and Level Annotations

Branches:
Dungeon (2/15)              Sewer (visited)

Altars:

Shops:
D:4 (

Annotations:
D:4 Grinder


Innate Abilities, Weirdness & Mutations

You are a tree.
Your roots penetrate the ground, keeping you stationary.
You cannot be teleported.
You are immune to unholy pain and torment.
Your maximum health is greatly increased.
Your equipment is partially melded.
You are immune to sickness and miasma.
((Your stone body is resilient. (AC +4)))
You are immune to poison.
You resist negative energy. (rN+)
((You are resistant to electric shocks. (rElec)))
You are resistant to unholy torment.
You are immune to petrification.


Message History

* * * LOW HITPOINT WARNING * * *
The gnoll hits you but does no damage.
Things that are here:
a +0 spear; a gnoll corpse Unknown command.
Grinder gestures at you.
You suddenly lose the ability to move!
The gnoll hits you but does no damage. Grinder hits you but does no damage.
The gnoll hits you but does no damage.
You can move again.
It was a potion of flight.
You feel very buoyant.
You fly up into the air.
Grinder closely misses you. The gnoll hits you but does no damage.
It was a potion of degeneration.
There was something very wrong with that liquid.
You feel weakened.
You feel dopey.
You feel clumsy.
Grinder blinks!
The gnoll closely misses you.
It was a potion of resistance.
You feel protected. The gnoll hits you with a +0 spear.
* * * LOW HITPOINT WARNING * * *
It was a potion of attraction.
You feel attractive to monsters. You block the gnoll's attack.
Grinder is attracted toward you.
It was a potion of lignification.
You turn into a tree.
Your +0 scale mail melds into your body.
Your roots penetrate the ground.
The gnoll hits you with a +0 spear.
* * * LOW HITPOINT WARNING * * *
Grinder hits you but does no damage.
You feel very mighty all of a sudden. Grinder barely misses you.
You block the gnoll's attack.
Unknown command.
You closely miss Grinder. You slash the gnoll!
You kill the gnoll!
Grinder hits you but does no damage.
Unknown command.
You slash Grinder!
Grinder is moderately wounded.
Grinder hits you but does no damage. Grinder hits you!
You die...

#...# .#######...#### ##
...............
..##...............
#..................
###...... #......... #
#..... .#..#.#.......
.#.#.#..##.#..#.#....~~~
.......♣...#..#.#...~~~~
......)5).....#.#...~~.~
..#####.).###.#.....~~~~
#.......###....~~~
####...####...#......
#....................
#.........#...###....
#.........##.#####...
####...#####....#####


You could see Grinder.

Vanquished Creatures
  2 bullfrogs (Sewer)
  A jelly (D:4)
  11 gnolls
  5 adders
  A river rat (D:4)
  A worm (D:4)
  2 dart slugs
  3 endoplasms
  8 giant cockroaches
  4 goblins
  4 hobgoblins
  4 jackals (D:1)
  3 quokkas
  6 ball pythons
  A bat (D:1)
  11 frilled lizards
  6 kobolds
  4 rats
77 creatures vanquished.

Notes
Turn   | Place    | Note
-------+----------+-------------------------------------------
     0 | D:1      | bande the Gargoyle Fighter began the quest for the Orb.
     0 | D:1      | Reached XP level 1. HP: 14/14 MP: 1/1
    93 | D:1      | Reached XP level 2. HP: 17/19 MP: 2/2
   904 | D:1      | Reached XP level 3. HP: 20/23 MP: 3/3
  1343 | D:2      | Reached XP level 4. HP: 23/29 MP: 4/4
  1670 | D:2      | Reached XP level 5. HP: 12/33 MP: 5/5
  2003 | D:2      | You fall into a shaft and drop 2 floors!
  2071 | D:4      | Found a glowing drain.
  2088 | Sewer    | Entered a sewer
  2310 | Sewer    | Reached XP level 6. HP: 25/39 MP: 6/6
  2782 | D:4      | Found Miqeh's Weapon Shoppe.
  2832 | D:4      | Noticed Grinder
  2837 | D:4      | Paralysed by Grinder for 2 turns
  2846 | D:4      | Slain by Grinder

Illustrated notes

Levels and vault maps discovered:
D:1:      dpeg_arrival_concentric_ovals, layout_loops_ring, serial_park_tiny_1
D:2:      layout_loops_cross
D:4:      layout_loops_cross, temple_fountains, portal_sewer_entry_a,
          serial_shops, nicolae_shop_advertising_works
          [nicolae_subvault_shop_adworks], uniq_grinder

Skill      XL: |  1  2  3  4  5  6 |
---------------+-------------------+-----
Axes           | 2 3 4 |  4.6
Fighting       | 4 |  4.5
Armour         | 4 |  4.8
Shields        | 4 |  4.0

Action                   |  1- 3 |  4- 6 || total
-------------------------+-------+-------++-------
Melee: War axe           |    57 |   165 ||   222
  Use: Potion            |       |     6 ||     6
Armor: Scale mail        |    50 |   109 ||   159
       Skin              |       |     3 ||     3
Dodge: Dodged            |    45 |   121 ||   166
Block: Buckler           |    13 |    51 ||    64

Table legend: (Time is in decaauts)
 A = Elapsed time spent in this place.
 B = Non-inter-level travel time spent in this place.
 C = Inter-level travel time spent in this place.
 D = Time resting spent in this place.
 E = Time spent auto-exploring this place.
 F = Levels seen in this place.
 G = Mean time per level.
                   A        B        C        D        E       F      G
               +--------+--------+--------+--------+--------+-----+--------+
         Total |   3052 |   3052 |      0 |    750 |   1494 |   4 |  763.0 |
       Dungeon |   2230 |   2230 |      0 |    750 |   1070 |   3 |  743.3 |
         Sewer |    821 |    821 |      0 |      0 |    424 |   1 |  821.0 |
               +--------+--------+--------+--------+--------+-----+--------+

Top non-repeatable levels by time:
     D:1: 1325 daAuts
   Sewer: 821 daAuts
     D:2: 719 daAuts
     D:4: 185 daAuts
